Croesus, chaotic male elven Ranger -- |.--- -- ....---. -.... .. --- -- | --G... .. .----.---- .*- |......|. -.........--... |......|.--|............ |........)--..........-- | .........)....G........--- ..-- -- ........................>.| |........... ---......?...............- -.............@....G..h........- -- ------#---.<^..-- .| |..|..| -- ------- Croesus the Tenderfoot Experience level: 2 Strength: 14 Dexterity: 11 Constitution: 14 Intelligence: 17 Wisdom: 15 Charisma: 9 Health: 0(17) Energy: 11(11) Def: 3 Gold: 80 Moves: 1088 Dungeon seed: gT04RFPP-qUsZOfs Game ID: Croesus_1580459253 Your Inventory: Weapons c - 58 uncursed +2 elven arrows d - an uncursed +1 elven dagger (alternate weapon; not wielded) e - a blessed burnt +1 elven bow (weapon in hand) k - an uncursed +0 dagger l - 6 uncursed +0 crossbow bolts o - an uncursed +0 elven dagger p - 4 uncursed +0 darts q - an uncursed +1 dagger A - 29 blessed +0 elven arrows (in quiver) Armor b - an uncursed +2 elven cloak (being worn) Comestibles f - 5 uncursed lembas wafers m - an uncursed food ration Potions g - an uncursed potion of object detection i - an uncursed potion of enlightenment Gems n - an uncursed worthless piece of green glass Coins $ - 80 gold pieces Spells and supernatural/magical abilities: Name Level Category Cost Memory W - pray for help -- divine ? -- Your skills at the end: Fighting Skills wands [Basic] Weapon Skills dagger [Basic] bow [Basic] Spellcasting Skills Final Attributes: You were piously aligned. You were immune to sleep. You saw invisible. You had automatic searching. You had infravision. You were stealthy. You were lucky. Mars was noncommittal. You are dead. Vanquished creatures: a gnome lord 2 hobbits 10 gnomes 7 jackals 4 grid bugs 2 lichens 4 newts 30 creatures vanquished. Voluntary challenges: You used a wielded weapon 10 times, starting on turn 295. You read items or engraved 1 time, starting on turn 1063. You never genocided any monsters. You never polymorphed an object. You never changed form. You used no wishes. You never split a pudding. You wrote Elbereth's name 1 time, starting on turn 1063. You never violated your personal moral code. Dungeon overview: The Dungeons of Doom: levels 1 to 3 Level 1 some fountains a long staircase Level 2 a potion shop, some altars to Venus and Mars stairs to The Gnomish Mines Level 3 The Gnomish Mines: levels 3 to 4 Level 3 stairs to The Dungeons of Doom Level 4 <- You were here History has recorded: On T:1 you entered the Dungeons of Doom to retrieve the Amulet of Yendor! On T:77 you reached level 2 of The Dungeons of Doom. On T:395 you reached level 1 of The Gnomish Mines. On T:418 you reached level 3 of The Dungeons of Doom. On T:1043 you advanced to experience level 2. On T:1058 you reached level 2 of The Gnomish Mines. Score breakdown: Gold: 80 ( 6492 points) Experience: 2 levels ( 5570 points) Exploration: 4 levels ( 7.69%) ( 7276 points) Discoveries: 0 items ( 0.00%) ( 0 points) Valuables value: (no points given unless you survive) Artifact value: 0 ( 0 points) Variety of kills: 7 monsters ( 1.84%) ( 4071 points) Turncount: 1088 turns ( 0 points) Survival: died (score multiplied by 80%) Total score: 18727 Latest messages: The dwarf picks up a magical dart from the floor. The gnome throws a dart! You are almost hit by a dart. p - a dart. The gnome shoots a crossbow bolt! You are hit by a crossbow bolt. There is nothing here to pick up. (2x) The gnome picks up a crossbow bolt from the floor. The gnomish wizard casts a spell! The gnome throws a dagger! You are hit by a dagger. q - a dagger. The gnomish wizard casts a spell! The gnome throws a dart! You are hit by a dart. p - a dart. You shoot 3 elven arrows. The 1st elven arrow misses the gnome. The 2nd elven arrow hits the gnome! You kill the gnome! The dwarf throws a magical dart! The magical dart misses the gnome. You are hit by a magical dart. You are caught in the fireball! Your elven bow smoulders! Final status: Goodbye Croesus the Ranger, burned by a dwarf's fireball... You burned in The Gnomish Mines on dungeon level 4 with 18727 points, and 80 pieces of gold, after 1088 moves. You were level 2 with a maximum of 17 hit points when you burned.